cohdb
Replays
Latest Replays
All Replays
Popular Replays
Top Player Replays
Match Explorer
How It Works
Community
CoH3 Stats
Reddit
Sign in to upload your games and track your stats! →
Sign in with Steam
Match 45328818
Unlisted
Match 45328818
Overview
Messages
Build Orders
End
Royal Engineer Section
Construct Section Command Post
Infantry Section
Infantry Section
Infantry Section
Construct Platoon Command Post
Construct Field Infirmary
6-pounder Anti-tank Gun Team
Humber Armored Car
ML 3-inch Mortar Team
Infantry Training
Grenade Package
Construct Company Command Post
6-pounder Anti-tank Gun Team
Crusader II Medium Tank
Nico-Nico-Nii~~
Number 60
0
0
Comments
sign in to comment!
No comments posted yet!